 Dungeon Crawl Stone Soup version 0.27-a0-577-ge2a43ba0c9 (webtiles) character file.

Game seed: 13278608641584368892

74 jestyr24 the Skirmisher (level 4, -4/41 HPs)
             Began as a Hill Orc Fighter on Mar 9, 2021.
             Slain by an orc
             ... wielding a +0 flail
              (6 damage)
             ... on level 2 of the Dungeon.
             The game lasted 00:08:27 (1102 turns).

jestyr24 the Skirmisher (Hill Orc Fighter)          Turns: 1102, Time: 00:08:28

Health: -4/41      AC:  7    Str: 18    XL:     4   Next: 30%
Magic:  4/4        EV:  7    Int:  9    God:
Gold:   50         SH:  9    Dex: 10    Spells: 3/3 levels left

rFire    . . .     SeeInvis .   a - +0 war axe
rCold    . . .     Faith    .   c - +0 kite shield
rNeg     . . .     Spirit   .   b - +0 scale mail
rPois    .         Reflect  .   (no helmet)
rElec    .         Harm     .   e - scarf {repulsion}
rCorr    .         Rampage  .   (no gloves)
Will     .....                  (no boots)
Stlth    ..........             (no amulet)
HPRegen  0.13/turn              (no ring)
MPRegen  0.09/turn              (no ring)

@: hasted, repel missiles, very quick
A: no striking features
a: Convert to Beogh


You were on level 2 of the Dungeon.
You visited 1 branch of the dungeon, and saw 2 of its levels.

You collected 50 gold pieces.

Inventory:

Hand Weapons
 a - a +0 war axe (weapon)
 l - a +0 vampiric spear
 o - a +2 dagger of protection
Missiles
 f - 25 stones
 g - 14 poisoned darts (quivered)
 j - 8 javelins
Armour
 b - a +0 scale mail (worn)
 c - a +0 kite shield (worn)
 e - a scarf of repulsion (worn)
 h - a +0 pair of gloves
Jewellery
 m - an amulet of faith
Scrolls
 n - 2 scrolls of identify {unknown}
 p - a scroll of enchant armour {unknown}
Potions
 d - a potion of might
 k - a potion of brilliance {unknown}
 q - 2 potions of curing {unknown}


   Skills:
 + Level 4.3 Fighting
 + Level 4.0 Axes
 + Level 0.1 Throwing
 + Level 3.7 Armour
 + Level 0.4 Dodging
 + Level 3.7 Shields


You had 3 spell levels left.
You didn't know any spells.
Your spell library was empty.

Dungeon Overview and Level Annotations

Branches:
Dungeon (2/15)

Altars:
Qazlal


Message History

Pain shoots through your body!
* * * LOW HITPOINT WARNING * * *
The orc priest looks satisfied for a moment.
The orc closely misses you.
The orc wizard hits you with a +0 dagger.
* * * LOW HITPOINT WARNING * * *
The orc priest shouts, "Beogh is our master!
Accept the truth or die!"
Okay, then.
It was a potion of haste.
You feel yourself speed up.
The orc priest hits you but does no damage.
The orc priest shouts, "Beogh is our master!
Accept the truth or die!"
The orc priest hits you but does no damage.
The orc wizard hits you but does no damage.
You slash the orc priest!
The orc priest is heavily wounded.
The orc priest threatens, "By the altar or by the axe, you will meet Beogh!"
You hit the orc priest but do no damage.
You hit the orc wizard but do no damage.
You barely miss the orc. The orc hits you with a +0 flail.
* * * LOW HITPOINT WARNING * * *
You block the orc priest's attack.
The orc priest hits you but does no damage.
You closely miss the orc priest.
The orc priest shouts, "Join the one true god or die!"
The orc priest is heavily wounded.
You hit the orc. You closely miss the orc wizard.
Your shield prevents you from hitting the orc priest.
You block the orc wizard's attack. The orc hits you with a +0 flail.
* * * LOW HITPOINT WARNING * * *
The orc priest hits you with a +0 whip.
* * * LOW HITPOINT WARNING * * *
The orc priest hits you with a +0 dagger.
* * * LOW HITPOINT WARNING * * *
The orc wizard hits you but does no damage.
You hit the orc priest but do no damage.
The orc priest is heavily wounded.
You closely miss the orc priest. You miss the orc wizard.
Your shield and scale mail prevent you from hitting the orc.
The orc hits you with a +0 flail.
You die...

#[#.........
#)#.########
#÷#....<#.#.
########)#.....#...
#.....##÷#.###.#.#.
#.....+............
#.....##.#.###.#.##
#.oo..#...<....#...
#.@o..#..##########
#..o..#............
####.##.####.......
#.##............
#.#######.......
#...............
################


You could see 2 orc priests, an orc wizard and an orc.

Vanquished Creatures
  Robin (D:2)
  An adder (D:2)
  An ooze (D:2)
  A worm (D:2)
  A dart slug (D:1)
  4 bats
  3 giant cockroaches (D:1)
  12 goblins
  8 hobgoblins
  2 jackals (D:2)
  2 kobolds
  A frilled lizard (D:2)
  3 rats
40 creatures vanquished.

Notes
Turn   | Place    | Note
-------+----------+-------------------------------------------
     0 | D:1      | jestyr24 the Hill Orc Fighter began the quest for the Orb.
     0 | D:1      | Reached XP level 1. HP: 19/19 MP: 1/1
   179 | D:1      | Reached XP level 2. HP: 15/27 MP: 2/2
   653 | D:2      | Reached XP level 3. HP: 30/33 MP: 3/3
   710 | D:2      | Noticed Robin
   718 | D:2      | Killed Robin
   719 | D:2      | Reached XP level 4. HP: 30/41 MP: 4/4
   997 | D:2      | Found a stormy altar of Qazlal.
  1101 | D:2      | HP: 2/41 [orc priest/+0 dagger (3)]
  1102 | D:2      | Slain by an orc

Illustrated notes

Levels and vault maps discovered:
D:1:      minmay_arrival_four_circles, layout_rooms, serial_forest,
          infiniplex_forest_lined_ring, infiniplex_forest_straight_2,
          infiniplex_forest_clump_medium, infiniplex_forest_zigzag_2,
          infiniplex_forest_straight_4
D:2:      layout_basic, nicolae_qazlal_eye_of_the_storm, uniq_robin,
          uniq_crazy_yiuf_cottage

Skill      XL: |  1  2  3  4 |
---------------+-------------+-----
Fighting       | 4 |  4.3
Axes           | 3 4 |  4.0
Throwing       | |  0.1
Armour         | |  3.7
Dodging        | |  0.4
Shields        | |  3.7

Action                   |  1- 3 |  4- 6 || total
-------------------------+-------+-------++-------
Melee: War axe           |   109 |     7 ||   116
       Spear             |       |    31 ||    31
Throw: Dart              |     2 |     6 ||     8
  Use: Potion            |       |     1 ||     1
Armor: Scale mail        |    78 |    15 ||    93
Dodge: Dodged            |    43 |    12 ||    55
Block: Kite shield       |    76 |    30 ||   106

Table legend: (Time is in decaauts)
 A = Elapsed time spent in this place.
 B = Non-inter-level travel time spent in this place.
 C = Inter-level travel time spent in this place.
 D = Time resting spent in this place.
 E = Time spent auto-exploring this place.
 F = Levels seen in this place.
 G = Mean time per level.
                   A        B        C        D        E       F      G
               +--------+--------+--------+--------+--------+-----+--------+
         Total |   1176 |   1146 |     30 |      9 |    668 |   2 |  588.0 |
       Dungeon |   1176 |   1146 |     30 |      9 |    668 |   2 |  588.0 |
               +--------+--------+--------+--------+--------+-----+--------+

Top non-repeatable levels by time:
     D:1: 655 daAuts
     D:2: 520 daAuts
